 Dungeon Crawl Stone Soup version 0.30-a0-1016-gfb0d676c02 (webtiles) character file.

Game seed: 2749576517636030967

11759 HoaS the Marksant (level 12, -2/92 HPs)
             Began as a Formicid Hunter on Apr 6, 2023.
             Was an Initiate of Gozag.
             Slain by an eight-headed hydra (9 damage)
             ... on level 1 of the Lair of Beasts.
             The game lasted 00:24:35 (10549 turns).

HoaS the Marksant (Formicid Hunter)                Turns: 10549, Time: 00:24:36

Health: -2/92      AC: 17    Str: 16    XL:     12   Next: 11%
Magic:  12/12      EV: 16    Int: 10    God:    Gozag
Gold:   1209       SH:  5    Dex: 21    Spells: 11/11 levels left

rFire   . . .      SeeInvis +    a - +2 shortbow (heavy)
rCold   . . .      Faith    .    (no shield)
rNeg    . . .      Spirit   .    c - +1 leather armour
rPois   .          Reflect  +    (helmet unavailable)
rElec   .          Rampage  .    f - +0 cloak
rCorr   .                        o - +1 pair of gloves
Will    +....                    p - +1 pair of boots
Stlth   ++                       y - amulet of reflection
HPRegen 0.35/turn                w - +4 ring of protection
MPRegen 0.13/turn                B - +4 ring of protection

@: no status effects
A: permanent stasis, dig shafts and tunnels, antennae 3, four strong arms
a: Dig, Shaft Self, Renounce Religion, Potion Petition, Call Merchant, Bribe
Branch


You were on level 1 of the Lair of Beasts.
You worshipped Gozag.
Gozag was most pleased with you.
You visited 2 branches of the dungeon, and saw 12 of its levels.

You collected 2258 gold pieces.
You spent 1031 gold pieces at shops.
You paid 18 gold pieces to Gozag.

Inventory:

Hand Weapons
 a - a +2 heavy shortbow (weapon)
Missiles
 r - a throwing net
Armour
 c - a +1 leather armour (worn)
 f - a +0 cloak (worn)
 o - a +1 pair of gloves (worn)
 p - a +1 pair of boots (worn)
Jewellery
 d - a ring of poison resistance
 g - a ring of flight
 i - a +6 ring of dexterity
 n - a ring of resist corrosion
 w - a +4 ring of protection (left hand)
 y - an amulet of reflection (around neck)
 B - a +4 ring of protection (right hand)
Wands
 j - a wand of charming (23)
 m - a wand of polymorph (2)
 q - a wand of flame (15)
Scrolls
 b - 3 scrolls of immolation
 v - 5 scrolls of identify
 z - 2 scrolls of fog
 C - a scroll of poison {unknown}
Potions
 e - 2 potions of mutation
 h - 2 potions of ambrosia
 k - a potion of flight
 l - 2 potions of lignification
 s - a potion of cancellation
 t - 2 potions of resistance
 u - a potion of heal wounds
 x - 3 potions of curing
 A - a potion of invisibility


   Skills:
 + Level 7.9 Fighting
 - Level 16.0 Ranged Weapons
 + Level 6.5 Dodging
 - Level 1.2 Stealth


You had 11 spell levels left.
You didn't know any spells.
Your spell library contained the following spells:

 Spells                   Type           Power      Damage    Failure   Level
 Beastly Appendage        Tmut           0%         N/A       43%         1
 Freeze                   Ice            0%         1d3       43%         1
 Necrotise                Necr           0%         1d4       43%         1
 Sting                    Tmut/Pois      0%         1d3       43%         1
 Cigotuvi's Dreadful Rot  Necr/Pois/Air  0%         N/A       56%         2
 Lesser Beckoning         Tloc           0%         N/A       56%         2
 Momentum Strike          Conj/Tloc      0%         3d8       56%         2
 Poisonous Vapours        Pois/Air       0%         N/A       56%         2
 Call Canine Familiar     Summ           0%         N/A       80%         3
 Dazzling Flash           Conj/Hex       0%         N/A       80%         3
 Frozen Ramparts          Ice            0%         1d1       80%         3
 Hailstorm                Conj/Ice       0%         3d3       80%         3
 Ignite Poison            Fire/Tmut/Pois 0%         N/A       80%         3
 Portal Projectile        Hex/Tloc       0%         N/A       80%         3
 Spider Form              Tmut/Pois      0%         N/A       80%         3
 Vampiric Draining        Necr           0%         2d6       80%         3
 Volatile Blastmotes      Fire/Tloc      0%         2d10      80%         3
 Ice Form                 Ice/Tmut       0%         N/A       99%         4
 Iskenderun's Mystic Bla  Conj/Tloc      0%         2d3       99%         4
 Leda's Liquefaction      Hex/Erth       0%         N/A       99%         4
 Olgreb's Toxic Radiance  Pois           0%         N/A       99%         4
 Petrify                  Tmut/Erth      0%         N/A       99%         4
 Summon Ice Beast         Ice/Summ       0%         N/A       99%         4
 Agony                    Necr           0%         N/A       100%        5
 Freezing Cloud           Conj/Ice/Air   0%         6-21      100%        5
 Starburst                Conj/Fire      0%         6d3       100%        6
 Blink                    Tloc           Unusable   N/A       N/A         2

Dungeon Overview and Level Annotations

Branches:
Dungeon (10/15)            Temple (0/1) D:7            Lair (2/5) D:10
 Shoals (0/4) Lair:2        Snake (0/4) Lair:2          Orc (0/2) D:9

Altars:
Ashenzari
Gozag
Kikubaaqudgha
Nemelex Xobeh
Vehumet
Xom
Zin
The Shining One

Shops:
D:2 [   D:3 ?   D:4 (   D:5 =

Annotations:
D:5 1 runed translucent door, PostNTower's ghost, novice HOMo


Innate Abilities, Weirdness & Mutations

You cannot be hasted, slowed, berserked, paralysed or teleported.
You can dig through walls and to a lower floor.
You have a pair of large antennae on your head. (SInv)
Your four strong arms can wield two-handed weapons with a shield.


Message History

The eight-headed hydra bites you but does no damage.
The eight-headed hydra bites you. x2
The eight-headed hydra bites you but does no damage.
The eight-headed hydra barely misses you.
The eight-headed hydra bites you! The eight-headed hydra bites you.
The eight-headed hydra bites you but does no damage.
You block the eight-headed hydra's attack.
The eight-headed hydra misses you.
The eight-headed hydra completely misses you.
The eight-headed hydra bites you.
You block the eight-headed hydra's attack.
The eight-headed hydra bites you but does no damage.
The eight-headed hydra bites you! A mysterious force pulls you upwards.
The hatch slams shut behind you.
You shoot an arrow.
The arrow barely misses the eight-headed hydra.
You block the eight-headed hydra's attack.
The eight-headed hydra bites you but does no damage. x3
The eight-headed hydra bites you! x2
The eight-headed hydra closely misses you.
The eight-headed hydra completely misses you.
You shoot an arrow. The arrow hits the eight-headed hydra.
The eight-headed hydra is severely wounded.
The eight-headed hydra bites you but does no damage.
The eight-headed hydra closely misses you.
The eight-headed hydra bites you but does no damage.
You block the eight-headed hydra's attack.
The eight-headed hydra barely misses you.
The eight-headed hydra bites you!
The eight-headed hydra bites you but does no damage.
The eight-headed hydra bites you!
* * * LOW HITPOINT WARNING * * *
You shoot an arrow. The arrow hits the eight-headed hydra!!
The eight-headed hydra is almost dead.
The eight-headed hydra bites you!
* * * LOW HITPOINT WARNING * * *
You block the eight-headed hydra's attack.
The eight-headed hydra bites you!
You die...
Your body crumbles into a pile of gold.

#..##.......##...######### #####
#..##.......##...##......# #...#
#..##.......##...##....... ##...#
#...#.......##...##......# .'...#
#..#.............##......# ######
#..####...##.#..>##..##### ####
##..####..##.##...##'######
##..###..........................
..|............D@................
.................................
.................................
.................................
##.####..........................
......#..........................
......#...####.##.##.....#..#.###
......#...#.............##....##.
......#............#....##.....##


You could see an eight-headed hydra.

Vanquished Creatures
  2 black mambas
  3 cane toads
  5 komodo dragons (Lair:1)
  2 rime drakes
  A troll (D:9)
  The ghost of minbekrie the Ruffian, an amateur TrMo (D:3)
  A shadow (D:9)
  Sigmund (D:6)
  4 wyverns
  9 yaks
  A basilisk (Lair:1)
  2 steam dragons
  Menkaure (D:4)
  A naga (Lair:2)
  9 water moccasins
  4 ice beasts
  4 orc warriors
  3 black bears
  A sky beast (D:8)
  4 ogres
  5 centaurs
  4 kobold brigands
  7 bullfrogs
  A scorpion (D:4)
  3 wights (D:6)
  3 killer bees (D:7)
  4 howler monkeys
  2 jellies
  3 hounds
  8 orc priests
  2 gnoll boudas
  A sleepcap (D:5)
  8 iguanas
  10 orc wizards
  16 gnolls
  9 adders
  A shadow imp (D:5)
  3 white imps
  2 worms
  38 orcs
  5 ball pythons
  11 bats
  5 endoplasms (D:1)
  A giant cockroach (D:1)
  2 goblins
  10 hobgoblins
  2 jackals (D:3)
  3 quokkas
  A frilled lizard (D:2)
  30 kobolds
  9 rats
268 creatures vanquished.

Vanquished Creatures (others)
  A fungus (Lair:2)
  7 plants
8 creatures vanquished.

Grand Total: 276 creatures vanquished

Notes
Turn   | Place    | Note
-------+----------+-------------------------------------------
     0 | D:1      | HoaS the Formicid Hunter began the quest for the Orb.
     0 | D:1      | Reached XP level 1. HP: 16/16 MP: 1/1
    12 | D:1      | Found a faded altar of an unknown god.
   104 | D:1      | Reached XP level 2. HP: 22/22 MP: 2/2
   232 | D:1      | Reached XP level 3. HP: 27/27 MP: 3/3
   400 | D:1      | Reached skill level 5 in Ranged Weapons
   539 | D:2      | Found Zaet's Armour Boutique.
   842 | D:2      | Found an opulent altar of Gozag.
   857 | D:2      | Became a worshipper of Gozag Ym Sagoz the Greedy
   885 | D:2      | Reached XP level 4. HP: 25/33 MP: 4/4
  1268 | D:3      | Found a glowing silver altar of Zin.
  1359 | D:3      | Reached skill level 6 in Ranged Weapons
  1359 | D:3      | Reached XP level 5. HP: 38/38 MP: 5/5
  1633 | D:2      | Bought a +0 pair of gloves for 49 gold pieces
  1633 | D:2      | Bought a +0 pair of boots for 49 gold pieces
  1858 | D:3      | Found a broken altar of Ashenzari.
  1858 | D:3      | Found an ancient bone altar of Kikubaaqudgha.
  1976 | D:3      | Got the Discursus on Rancid Therianthropy
  1985 | D:3      | Found Wemuav's Magic Scroll Boutique.
  1992 | D:3      | Bought a scroll of enchant weapon for 75 gold pieces
  2050 | D:4      | Noticed an ogre
  2098 | D:4      | Found Inticsoe's Antique Weapon Shop.
  2098 | D:4      | Identified the +7 falchion of the Exiled Runes {heavy, rC+
                  | Will+ MP+9 Str+6 Dex+3}
  2393 | D:4      | Reached skill level 7 in Ranged Weapons
  2393 | D:4      | Reached XP level 6. HP: 44/44 MP: 6/6
  2568 | D:4      | Found a sparkling altar of Nemelex Xobeh.
  2573 | D:4      | Found a glowing golden altar of the Shining One.
  2647 | D:4      | Noticed Menkaure
  2716 | D:4      | Found a runed translucent gate.
  2716 | D:4      | Identified the +8 sling "Hotuny" {elec, Dex+5}
  2716 | D:4      | Noticed minbekrie's ghost (amateur TrMo)
  2717 | D:4      | Found a runed translucent gate.
  2718 | D:4      | Found a runed translucent gate.
  2718 | D:4      | Identified the +1 plate armour of Complete Protection
                  | {Str+4}
  2718 | D:4      | Noticed an orc warrior
  2737 | D:4      | Killed an ogre
  2738 | D:4      | Reached XP level 7. HP: 50/50 MP: 7/7
  2753 | D:4      | Killed Menkaure
  2754 | D:4      | Reached skill level 8 in Ranged Weapons
  2914 | D:5      | Entered Level 5 of the Dungeon
  2917 | D:5      | Found a radiant altar of Vehumet.
  3000 | D:5      | Found Touraa's Jewellery Boutique.
  3099 | D:5      | Found a runed translucent door.
  3136 | D:5      | Identified the +1 robe of Gestures {Archmagi}
  3244 | D:5      | Reached skill level 9 in Ranged Weapons
  3244 | D:5      | Reached XP level 8. HP: 32/56 MP: 8/8
  3890 | D:6      | Reached skill level 10 in Ranged Weapons
  4187 | D:6      | Reached skill level 11 in Ranged Weapons
  4320 | D:6      | Reached XP level 9. HP: 61/61 MP: 9/9
  4394 | D:6      | Noticed Sigmund
  4397 | D:6      | Killed Sigmund
  4398 | D:6      | Reached skill level 12 in Ranged Weapons
  4735 | D:5      | Noticed PostNTower's ghost (novice HOMo)
  5038 | D:3      | Killed minbekrie's ghost
  5141 | D:3      | You fall into a shaft and drop 3 floors!
  5698 | D:7      | Found a staircase to the Ecumenical Temple.
  5708 | D:7      | Reached skill level 13 in Ranged Weapons
  5878 | D:7      | Reached XP level 10. HP: 67/67 MP: 10/10
  6086 | D:7      | Reached skill level 14 in Ranged Weapons
  6250 | D:7      | Found a shimmering altar of Xom.
  7248 | D:9      | Found a staircase to the Orcish Mines.
  7447 | D:9      | Identified the +5 falchion of Exquisite Torment {heavy,
                  | *Rage rElec rPois rCorr}
  7510 | D:9      | Reached skill level 15 in Ranged Weapons
  7715 | D:5      | Bought a +4 ring of protection for 468 gold pieces
  7715 | D:5      | Bought an amulet of reflection for 390 gold pieces
  8858 | D:10     | Entered Level 10 of the Dungeon
  8858 | D:10     | Found a staircase to the Lair.
  9306 | Lair:1   | Entered Level 1 of the Lair of Beasts
  9311 | Lair:1   | Reached XP level 11. HP: 72/72 MP: 11/11
  9358 | Lair:1   | Reached skill level 16 in Ranged Weapons
  9413 | Lair:1   | Reached skill level 5 in Fighting
  9946 | Lair:1   | Reached skill level 5 in Dodging
 10394 | Lair:2   | Reached XP level 12. HP: 91/91 MP: 12/12
 10411 | Lair:2   | Found a staircase to the Snake Pit.
 10476 | Lair:2   | Found a staircase to the Shoals.
 10531 | Lair:2   | Noticed an eight-headed hydra
 10549 | Lair:1   | Slain by an eight-headed hydra

Illustrated notes

Levels and vault maps discovered:
D:1:      mushboom_english_gardens, layout_rooms,
          hellmonk_ecumenical_altar_pennies_from_heaven
D:2:      layout_loops_ring, basic_altar, serial_shops, shop,
          kennysheep_another_room
D:3:      layout_basic, zin_academy, gammafunk_temple_overflow_pools,
          serial_shops, shop, glass_columns_a
D:4:      layout_basic, mainiacjoe_overflow_big_doors,
          biasface_ghost_orc_armoury, serial_shops, nicolae_shop_trees,
          uniq_menkaure
D:5:      layout_loops_corners, mainiacjoe_overflow_cross_hatched,
          ebering_ghost_reflecting_pool, serial_shops, nicolae_shop_hallway_plus
D:6:      layout_basic, grunt_ministairs_4, hangedman_abyss_or_decor_passed,
          chequers_serial_rivers_small_3, grunt_decor_one_mirror, uniq_sigmund
D:7:      layout_basic, mainiacjoe_overflow_concentric_impassable,
          minmay_temple_entry_waves
D:8:      layout_rooms
D:9:      layout_layer_cave, orc_0_dummy, amcnicky_mini_pool_small
D:10:     layout_rooms, grunt_dithmenos_smoke, overflow_temple_1_default,
          gammafunk_temple_overflow_arena, lair_entry_dummy, uniq_erica
Lair:1:   layout_regular_city, beast_lair_carwin_8
Lair:2:   layout_loops_ring, minmay_shoals_entry_centaurs,
          guppyfry_snake_entry_island, basic_altar, grunt_megastairs_4,
          lemuel_fruit_fields, lemuel_fruit_tree

Skill      XL: |  1  2  3  4  5  6  7  8  9 10 11 |
---------------+----------------------------------+-----
Ranged Weapons | 5 6 7 9 11 13 15 16 | 16.0
Dodging        | 6 |  6.5
Fighting       | 7 |  7.9
Stealth        | |  1.2

Action                     |  1- 3 |  4- 6 |  7- 9 | 10-12 || total
---------------------------+-------+-------+-------+-------++-------
   Fire: Shortbow          |    98 |    73 |   175 |   348 ||   694
Ability: Shaft Self        |       |       |     1 |       ||     1
         Dig               |       |       |       |     2 ||     2
    Use: Scroll            |     4 |     7 |    14 |     3 ||    28
         Potion            |       |       |     2 |     4 ||     6
 Armour: Leather armour    |    14 |     6 |    24 |    64 ||   108
  Dodge: Dodged            |    18 |    16 |    39 |   114 ||   187
  Block: Other             |       |       |       |    28 ||    28
         Reflection        |       |       |       |     8 ||     8

Table legend: (Time is in decaauts)
 A = Elapsed time spent in this place.
 B = Non-inter-level travel time spent in this place.
 C = Inter-level travel time spent in this place.
 D = Time resting spent in this place.
 E = Time spent auto-exploring this place.
 F = Levels seen in this place.
 G = Mean time per level.
                   A        B        C        D        E       F      G
               +--------+--------+--------+--------+--------+-----+--------+
         Total |  10774 |   9851 |    923 |   1557 |   6440 |  12 |  897.8 |
       Dungeon |   9518 |   8616 |    902 |   1289 |   5760 |  10 |  951.8 |
          Lair |   1256 |   1235 |     21 |    268 |    680 |   2 |  628.0 |
               +--------+--------+--------+--------+--------+-----+--------+

Top non-repeatable levels by time:
     D:9: 1904 daAuts
     D:5: 1331 daAuts
     D:6: 1154 daAuts
     D:7: 1114 daAuts
     D:4: 1104 daAuts
     D:3: 1041 daAuts
  Lair:1: 1007 daAuts
     D:2: 771 daAuts
     D:8: 582 daAuts
     D:1: 454 daAuts
  Lair:2: 248 daAuts
    D:10: 59 daAuts
